 Dungeon Crawl Stone Soup version 0.28-a0-845-gfc338a8e3c (webtiles) character file.

Game seed: 11030721792200413868

5 Gargoyl the Skirmisher (level 1, -3/23 HPs)
             Began as a Gnoll Abyssal Knight on Nov 13, 2021.
             Was a Follower of Lugonu.
             Slain by a cacodemon (13 damage)
             ... on level 1 of the Abyss.
             The game lasted 00:00:17 (134 turns).

Gargoyl the Skirmisher (Gnoll Abyssal Knight)        Turns: 134, Time: 00:00:18

Health: -3/23      AC:  3    Str: 12    XL:     1   Next: 80%
Magic:  3/3        EV: 12    Int:  9    God:    Lugonu [*.....]
Gold:   0          SH:  0    Dex: 12    Spells: 0/0 levels left

rFire   . . .      SeeInvis .   a - +1 hand axe
rCold   . . .      Faith    .   (no shield)
rNeg    . . .      Spirit   .   b - +0 leather armour
rPois   .          Reflect  .   (no helmet)
rElec   .          Harm     .   (no cloak)
rCorr   .          Rampage  .   (no gloves)
Will    .....                   (no boots)
Stlth   +.........              (no amulet)
HPRegen 0.07/turn               (no ring)
MPRegen 0.08/turn               (no ring)

@: confused, unable to read
A: fangs 1, strong nose, distributed training, screaming 1, inability to read
while threatened
a: Renounce Religion, Depart the Abyss


You were on level 1 of the Abyss.
You worshipped Lugonu.
Lugonu was aware of your devotion.
You visited 0 branches of the dungeon, and saw 0 of its levels.
You visited the Abyss 1 time.

Inventory:

Hand Weapons
 a - a +1 hand axe (weapon)
Armour
 b - a +0 leather armour (worn)
Scrolls
 c - a scroll of magic mapping


   Skills:
 + Level 6.4 Fighting
 + Level 0.1 Short Blades
 + Level 0.1 Long Blades
 + Level 4.4 Axes
 + Level 0.1 Maces & Flails
 + Level 0.1 Polearms
 + Level 0.1 Staves
 + Level 0.1 Slings
 + Level 0.1 Bows
 + Level 0.1 Crossbows
 + Level 0.1 Throwing
 + Level 4.4 Armour
 + Level 2.4 Dodging
 + Level 0.1 Stealth
 + Level 0.1 Shields
 + Level 0.1 Unarmed Combat
 + Level 0.1 Spellcasting
 + Level 0.1 Conjurations
 + Level 0.1 Hexes
 + Level 0.1 Summonings
 + Level 0.1 Necromancy
 + Level 0.1 Translocations
 + Level 0.1 Transmutations
 + Level 0.1 Fire Magic
 + Level 0.1 Ice Magic
 + Level 0.1 Air Magic
 + Level 0.1 Earth Magic
 + Level 0.1 Poison Magic
 + Level 4.4 Invocations
 + Level 0.1 Evocations


You couldn't memorise any spells.
You didn't know any spells.
Your spell library was empty.

Dungeon Overview and Level Annotations

Branches:
Dungeon (0/15)

Altars:


Innate Abilities, Weirdness & Mutations

You have very sharp teeth.
Your uncanny sense of smell can sniff out nearby items.
Your experience applies equally to all skills.
You occasionally shout uncontrollably at your foes.
You sometimes lose the ability to read scrolls when taking damage.


Message History

* * * LOW HITPOINT WARNING * * *
The ufetubus barely misses you.
You hit the ufetubus.
The ufetubus is severely wounded.
The ufetubus hits you but does no damage. x2
Unknown command.
You hit the ufetubus.
You kill the ufetubus!
An ufetubus comes into view.
An iron imp comes into view.
The iron imp shouts, "Escape, thou craven tip-merry codpiece!"
Found a dark potion.
An orange demon comes into view.
A cacodemon comes into view.
The cacodemon gestures at you.
Strange energies course through your body.
You feel the urge to shout. The cacodemon gestures at you.
You are confused.
The cacodemon gestures at you.
Strange energies course through your body.
You lose the ability to read scrolls when threatened.
You bump into the stone wall.
You bump into the stone wall.
The cacodemon gestures at you.
You are more confused.
You bump into the stone wall.
The cacodemon gestures at you.
You are more confused.
The iron imp closely misses you.
Unknown command.
The cacodemon gestures at you.
You barely resist.
You bump into the stone wall.
You bump into the stone wall.
Unknown command.
You bump into the metal wall.
The cacodemon hits you!
You feel threatened and lose the ability to read scrolls!
Ouch! That really hurt!
You die...

## ##. .. ###.# ...#
##.#### #@2#..# ##
#####4#####..###
##..!##5.... ##.
......4........ . #
.#... .#.#....##...#
......4...##..#
...#.
#...........#.#.....
#... .......#.....
... ... .#...#....##


You could see a cacodemon, an orange demon and an iron imp.

Vanquished Creatures
  An ufetubus (Abyss:1)
1 creature vanquished.

Notes
Turn   | Place    | Note
-------+----------+-------------------------------------------
     0 | Abyss:1  | Gargoyl the Gnoll Abyssal Knight began the quest for the
                  | Orb.
     0 | Abyss:1  | Reached XP level 1. HP: 23/23 MP: 3/3
   114 | Abyss:1  | Noticed an iron imp
   117 | Abyss:1  | Noticed an orange demon
   119 | Abyss:1  | Noticed a cacodemon
   120 | Abyss:1  | Gained mutation: You occasionally shout uncontrollably at
                  | your foes. [a cacodemon]
   124 | Abyss:1  | Gained mutation: You sometimes lose the ability to read
                  | scrolls when taking damage. [a cacodemon]
   134 | Abyss:1  | Slain by a cacodemon

Illustrated notes

Levels and vault maps discovered:
Abyss:1:  base: Temple, base:
Temple

Action                   || total
-------------------------++-------
Melee: Hand axe          ||     9
       Bite              ||     1
  Use: Scroll            ||     1
Armor: Leather armour    ||     8
Dodge: Dodged            ||    12

Table legend: (Time is in decaauts)
 A = Elapsed time spent in this place.
 B = Non-inter-level travel time spent in this place.
 C = Inter-level travel time spent in this place.
 D = Time resting spent in this place.
 E = Time spent auto-exploring this place.
 F = Levels seen in this place.
 G = Mean time per level.
                   A        B        C        D        E       F      G
               +--------+--------+--------+--------+--------+-----+--------+
         Total |    134 |    134 |      0 |      0 |     91 |   1 |  134.0 |
         Abyss |    134 |    134 |      0 |      0 |     91 |   1 |  134.0 |
               +--------+--------+--------+--------+--------+-----+--------+

Top non-repeatable levels by time:
 Abyss:1: 134 daAuts
